 Dungeon Crawl Stone Soup version 0.31.0-2-g5a2aebc5c2 (webtiles) character file.

Game seed: 8404958084212130185

862 apoch the Cleaver (level 8, -6/64 HPs)
             Began as a Hill Orc Fighter on Jan 20, 2024.
             Mangled by an orc warrior
             ... wielding a +0 battleaxe
              (9 damage)
             ... on level 4 of the Dungeon.
             The game lasted 00:08:57 (4018 turns).

apoch the Cleaver (Hill Orc Fighter)                Turns: 4018, Time: 00:08:57

Health: -6/64      AC:  9    Str: 21    XL:     8   Next: 2%
Magic:  8/8        EV:  9    Int:  8    God:
Gold:   192        SH:  4    Dex: 10    Spells: 7/7 levels left

rFire   . . .        b - +1 broad axe
rCold   . . .        c - +0 buckler
rNeg    . . .        i - +0 scale mail
rPois   .            (no helmet)
rElec   .            (no cloak)
rCorr   .            v - +1 pair of gloves
SInv    +            (no boots)
Will    .....        (no amulet) Stlth
                     j - ring of see invisible
HPRegen 0.30/turn    (no ring)
MPRegen 0.11/turn

%: no passive effects
@: studying Invocations
A: no striking features
a: Convert to Beogh


You were on level 4 of the Dungeon.
You visited 1 branch of the dungeon, and saw 5 of its levels.

You collected 192 gold pieces.

Inventory:

Hand Weapons
 a - the +9 whip of Qofen {freeze, rC+}
   (You found it on level 2 of the Dungeon)

   rC+:       It protects you from cold.
 b - a +1 broad axe (weapon)
 s - a +0 war axe
Missiles
 f - 4 boomerangs (quivered)
Armour
 c - a +0 buckler (worn)
 i - a +0 scale mail (worn)
 v - a +1 pair of gloves (worn)
Jewellery
 j - a ring of see invisible (left hand)
 n - a ring of wizardry
 w - an amulet of magic regeneration
 A - a ring of protection from fire
Scrolls
 e - 2 scrolls of fog
 g - a scroll of immolation
 u - a scroll of enchant weapon
Potions
 d - 2 potions of might
 h - 2 potions of attraction
 k - 2 potions of enlightenment
 l - a potion of lignification
 o - a potion of ambrosia
 r - a potion of heal wounds
 t - a potion of degeneration {unknown}
 x - 2 potions of mutation
 z - a potion of brilliance {unknown}


   Skills:
 - Level 3.6 Fighting
 + Level 11.7 Axes
 - Level 3.2 Armour
 - Level 3.2 Shields


You had 7 spell levels left.
You didn't know any spells.
Your spell library was empty.

Dungeon Overview and Level Annotations

Branches:
Dungeon (5/15)
 Temple: D:4-7

Altars:
Sif Muna
The Shining One


Message History

There is a stone staircase leading down here.
The +9 whip of Qofen {freeze, rC+} stops glowing.
b - a +1 broad axe (weapon)
The orc hits you but does no damage.
The orc priest shouts, "Surrender to Beogh and we'll let you live!"
You slash the orc priest!
The orc priest is severely wounded.
The orc priest shouts, "Surrender to Beogh and we'll let you live!"
You hit the orc. You barely miss the orc warrior. You slash the orc!
You kill the orc!
The orc warrior hits you but does no damage.
The orc priest hits you with a +0 flail!
The orc closely misses you.
You closely miss the orc priest.
The orc priest is severely wounded.
You barely miss the orc. You closely miss the orc warrior.
You block the orc warrior's attack.
The orc priest calls down the wrath of Beogh upon you.
Beogh smites you!
You barely miss the orc priest.
The orc priest is severely wounded.
You slash the orc!
You kill the orc!
You slash the orc warrior!
The orc priest threatens, "By the altar or by the axe, you will meet Beogh!"
You slash the orc!
You kill the orc!
You block the orc warrior's attack.
The orc priest hits you with a +0 flail.
The orc priest shouts, "Surrender to Beogh and we'll let you live!"
You hit the orc priest.
The orc priest is almost dead.
You barely miss the orc warrior.
The orc warrior hits you with a +0 battleaxe!
* * * LOW HITPOINT WARNING * * *
The orc priest mumbles some strange prayers to Beogh against you.
Beogh smites you!
* * * LOW HITPOINT WARNING * * *
The orc warrior hits you with a +0 battleaxe!
You die...

#######...................#
##...###.............#
####..### ##...........##
######......##
##.........##
##............##
##......##.####
.#.............##
##....####....
................## ######
##..< P..............))#
#.## ####...........o@#
#.## #..#...........o##
##.# #..)...........## #.#
####...........# #.#
...P..........## #.#
.............## ##.
####........## #.
#..#)######## #. )..#.# #[


You could see an orc warrior and an orc priest.

Vanquished Creatures
  An ogre (D:5)
  4 phantoms
  3 scorpions
  A jelly (D:5)
  2 hounds (D:5)
  An iguana (D:4)
  12 adders
  4 dart slugs
  2 ribbon worms
  6 orcs (D:4)
  6 ball pythons
  5 endoplasms
  2 giant cockroaches (D:1)
  9 goblins
  10 hobgoblins
  9 kobolds
  3 quokkas
  8 bats
  8 frilled lizards
  4 rats
100 creatures vanquished.

Notes
Turn   | Place    | Note
-------+----------+-------------------------------------------
     0 | D:1      | apoch the Hill Orc Fighter began the quest for the Orb.
     0 | D:1      | Reached XP level 1. HP: 19/19 MP: 1/1
    25 | D:1      | Reached skill level 3 in Axes
    97 | D:1      | Reached XP level 2. HP: 26/26 MP: 2/2
   139 | D:1      | Reached skill level 4 in Axes
   391 | D:1      | Reached XP level 3. HP: 31/31 MP: 3/3
   475 | D:1      | Found a faded altar of an unknown god.
   769 | D:2      | Reached skill level 5 in Axes
   815 | D:2      | Found a glowing golden altar of the Shining One.
  1047 | D:2      | Reached XP level 4. HP: 29/39 MP: 4/4
  1158 | D:2      | Identified the +9 whip of Qofen {freeze, rC+}
  1358 | D:2      | Reached skill level 6 in Axes
  1439 | D:3      | Found a shimmering blue altar of Sif Muna.
  1817 | D:3      | Reached XP level 5. HP: 45/45 MP: 5/5
  2086 | D:3      | Reached skill level 7 in Axes
  2528 | D:4      | Reached skill level 8 in Axes
  2637 | D:4      | Reached XP level 6. HP: 46/51 MP: 6/6
  3135 | D:5      | Entered Level 5 of the Dungeon
  3216 | D:5      | Reached skill level 9 in Axes
  3225 | D:5      | Reached XP level 7. HP: 49/57 MP: 7/7
  3261 | D:5      | Reached skill level 10 in Axes
  3431 | D:5      | Reached skill level 11 in Axes
  3709 | D:5      | Reached XP level 8. HP: 61/64 MP: 8/8
  4018 | D:4      | HP: 3/64 [orc priest/divine providence (10)]
  4018 | D:4      | Mangled by an orc warrior

Illustrated notes

Levels and vault maps discovered:
D:1:      dpeg_arrival_rooms_a, layout_loops_cross, shapermc_ecumenical_altar_gd
D:2:      layout_basic, basic_altar
D:3:      layout_basic, mainiacjoe_overflow_concentric_impassable,
          minmay_close_crescents
D:4:      corexii_shack_village, layout_cave_pods, hex_medium,
          minmay_curled_crystal
D:5:      layout_gridville, minmay_manual_maat

Skill      XL: |  1  2  3  4  5  6  7 |
---------------+----------------------+-----
Axes           | 3 4 5 6 8 9 11 | 11.7
Fighting       | |  3.6
Armour         | |  3.2
Shields        | |  3.2

Action                     |  1- 3 |  4- 6 |  7- 9 || total
---------------------------+-------+-------+-------++-------
  Melee: War axe           |   105 |    16 |       ||   121
         Whip              |       |   111 |    45 ||   156
         Broad axe         |       |       |     4 ||     4
    Use: Scroll            |       |    14 |       ||    14
         Potion            |       |       |     1 ||     1
 Armour: Scale mail        |    52 |    52 |    52 ||   156
  Dodge: Dodged            |    49 |    28 |    26 ||   103
  Block: Buckler           |    22 |    25 |    22 ||    69
